 Dungeon Crawl Stone Soup version 0.25-a0-577-ga4619f409e (webtiles) character file.

Game seed: 10135038030770335764, levelgen mode: deterministic

23087 surprisetrex the Arsonist (level 12, -4/108 HPs)
             Began as a Black Draconian Fire Elementalist on Feb 29, 2020.
             Was a High Priest of Vehumet.
             Slain by Gastronok (8 damage)
             ... while petrified by a basilisk
             ... on level 2 of the Lair of Beasts on Mar 2, 2020.
             The game lasted 01:34:42 (21509 turns).

surprisetrex the Arsonist (DrFE)                   Turns: 21509, Time: 01:34:43

Health: -4/108     AC: 12    Str: 13    XL:     12   Next: 68%
Magic:  14/34      EV:  2    Int: 22    God:    Vehumet [*****.]
Gold:   787        SH:  0    Dex: 11    Spells: 7/30 levels left

rFire    . . .     SeeInvis .   a - +1 mace (protect)
rCold    . . .     Gourm    .   E - +0 buckler
rNeg     + + +     Faith    .   (armour unavailable)
rPois    ∞         Spirit   .   J - +2 hat {Int+3}
rElec    +         Reflect  .   (no cloak)
rCorr    .         Harm     .   (no gloves)
MR       .....                  K - +1 pair of boots
Stlth    ++........             (no amulet)
HPRegen  0.28/turn              D - +2 ring of slaying
MPRegen  0.24/turn              p - ring of magical power

@: petrified, slowed
A: breathe lightning, unfitting armour, electricity resistance, cold-blooded, AC
+8
a: Breathe Lightning, Renounce Religion


You were on level 2 of the Lair of Beasts.
You worshipped Vehumet.
Vehumet was extremely pleased with you.
You were hungry.

You visited 3 branches of the dungeon, and saw 18 of its levels.

You collected 912 gold pieces.
You spent 125 gold pieces at shops.

Inventory:

Hand Weapons
 a - a +1 mace of protection (weapon)
 b - a +0 trident of freezing
Missiles
 m - 22 boomerangs
 q - 40 poisoned darts (quivered)
Armour
 E - a +0 buckler (worn)
 J - a +2 hat of intelligence (worn)
 K - a +1 pair of boots (worn)
Magical Staves
 H - an uncursed staff of conjuration
Jewellery
 e - an uncursed ring of stealth
 p - a ring of magical power (right hand)
 v - an uncursed ring of see invisible
 y - an uncursed ring of ice
 D - a +2 ring of slaying (left hand)
Wands
 d - a wand of digging (17)
 s - a wand of clouds (8)
 B - a wand of flame (45)
 F - a wand of acid (12)
 G - a wand of random effects (31)
 O - a wand of enslavement (12)
 P - a wand of iceblast (8)
 Q - a wand of disintegration (16)
Scrolls
 c - 4 scrolls of blinking
 g - 6 scrolls of identify
 i - 7 scrolls of remove curse
 k - a scroll of amnesia
 o - 5 scrolls of magic mapping
 r - a scroll of fog
 t - a scroll of immolation
 w - 2 scrolls of enchant weapon
 x - 3 scrolls of teleportation
 N - a scroll of enchant armour
 R - a scroll of summoning {unknown}
Potions
 f - 3 potions of curing
 j - 4 potions of haste
 l - 2 potions of might
 n - 3 potions of brilliance
 u - 3 potions of flight
 z - a potion of heal wounds
 A - 2 potions of stabbing
 C - 2 potions of lignification
 I - a potion of berserk rage
 L - 2 potions of cancellation
 M - a potion of invisibility
Comestibles
 h - 18 rations
 S - 19 chunks of flesh


   Skills:
 + Level 10.8 Fighting
 - Level 1.7 Dodging
 - Level 1.7 Stealth
 - Level 4.4 Shields
 - Level 9.5 Spellcasting
 - Level 10.6 Conjurations
 - Level 11.1 Fire Magic
 + Level 2.7 Air Magic
 - Level 3.0 Poison Magic


You had 7 spell levels left.
You knew the following spells:

 Your Spells              Type           Power        Failure   Level  Hunger
a - Foxfire               Conj/Fire      ####         1%          1    None
b - Conjure Flame         Conj/Fire      ######..     1%          3    None
c - Sticky Flame          Conj/Fire      ######..     1%          4    ##.....
d - Fireball              Conj/Fire      ######....   1%          5    ####...
e - Olgreb's Toxic Radia  Pois           ###.....     5%          4    ##.....
f - Searing Ray           Conj           ######       1%          2    None
g - Airstrike             Air            ###.......   5%          4    ##.....

Your spell library contained the following spells:

 Spells                   Type           Power        Failure   Level  Hunger
 Magic Dart               Conj           ####         1%          1    None
 Dazzling Flash           Conj/Hex       ####..       1%          3    None
 Inner Flame              Hex/Fire       #####...     1%          3    None
 Fulminant Prism          Conj/Hex       ####......   1%          4    ##.....
 Iskenderun's Mystic Bla  Conj/Tloc      ####....     1%          4    ##.....


Dungeon Overview and Level Annotations

Branches:
Dungeon (14/15)            Temple (1/1) D:6            Lair (3/6) D:9
    Orc (0/2) D:10
  Swamp: Lair:2-4    Shoals: Lair:2-4     Snake: Lair:2-4    Spider: Lair:2-4
 Vaults: D:13-14

Altars:
Ashenzari
Cheibriados
Dithmenos
Elyvilon
Fedhas
Gozag
Hepliaklqana
Kikubaaqudgha
Makhleb
Nemelex Xobeh
Okawaru
Qazlal
Ru
Sif Muna
Trog
Uskayaw
Vehumet
Wu Jian
Xom
Yredelemnul
Zin
The Shining One

Shops:
D:4 ?

Annotations:
D:10 2 runed translucent doors, drasked's ghost, journeyman HOMo
D:13 go back up. got shafted from d11
D:14 Azrael
Lair:2 Gastronok


Innate Abilities, Weirdness & Mutations

You can breathe wild blasts of lightning.
Your glossy black scales are hard. (AC +8)
You cannot fit into any form of body armour.
You are resistant to electric shocks. (rElec)
You are cold-blooded and may be slowed by cold attacks.


Message History

You resist with some effort.
You have turned to stone.
Gastronok bites you!!
* * * LOW HITPOINT WARNING * * *
The basilisk bites you!!
* * * LOW HITPOINT WARNING * * *
The basilisk bites you.
* * * LOW HITPOINT WARNING * * *
Gastronok waves his eye-stalks in wide circles.
The air twists around and strikes you.
* * * LOW HITPOINT WARNING * * *
The basilisk bites you.
* * * LOW HITPOINT WARNING * * *
The basilisk gazes at you.
Gastronok bubbles merrily.
The basilisk bites you!
* * * LOW HITPOINT WARNING * * *
The basilisk bites you!
* * * LOW HITPOINT WARNING * * *
Gastronok bites you!
You die...

..........# #...##.#.#...8..####÷
##.......## #..#..............÷8
##.P÷....### ##..............#...
..#<.......# #.##...8..8.<.8.+..<
..........## #...................
..........####................#.8
.........#.#.....#.#.....8..##.#.
.........##....l.###........#....
...............P@#........##....#
...............#.w...8...##.#....
...............###......#........
................ .....##........
....##.........# ...##..........
................ .##.. .........
................ .. ... ........
............... .. ...........
#.............. .. .........#


You could see Gastronok and a basilisk.

Vanquished Creatures
  Snorg (D:11)
  Harold (D:8)
  A hydra (Lair:3)
  Fannar (D:11)
  2 centaur warriors
  3 two-headed ogres (D:9)
  Sonja (Lair:2)
  A deep elf mage (D:13)
  2 ugly things
  Joseph (D:7)
  Psyche (D:8)
  A gargoyle (D:9)
  A komodo dragon (Lair:2)
  Maggie (Lair:2)
  A rime drake (Lair:2)
  A hornet (D:12)
  Prince Ribbit (Lair:2)
  4 blink frogs (Lair:2)
  3 hippogriffs
  A spriggan (D:8)
  A vampire (D:13)
  A water elemental (D:13)
  14 yaks
  5 wyverns
  2 basilisks
  Grum (D:8)
  A hungry ghost (D:5)
  A steam dragon (Lair:3)
  6 water moccasins
  6 porcupines
  2 orc warriors
  An eye of draining (D:12)
  4 sky beasts
  2 black bears
  2 ice beasts
  2 necrophages (D:10)
  A phantom (D:12)
  7 ogres
  10 wolves
  4 centaurs
  4 crocodiles
  2 big kobolds
  12 bullfrogs
  A gnoll sergeant (D:10)
  3 scorpions
  9 killer bees (D:10)
  4 wights (D:7)
  2 howler monkeys (D:4)
  8 crimson imps
  A bullfrog zombie (D:12)
  7 hounds
  3 jellies
  7 orc wizards
  An orc priest (D:6)
  2 bullfrog skeletons
  2 centaur skeletons
  Jessica (D:2)
  Terence (D:2)
  2 iguanas
  7 worker ants
  A killer bee zombie (D:4)
  Robin (D:2)
  10 adders
  11 gnolls
  3 shadow imps
  2 oozes
  An adder skeleton (D:4)
  An adder zombie (D:7)
  2 worms
  2 dart slugs
  6 leopard geckos
  51 orcs
  4 bats
  3 giant cockroaches
  12 goblins
  11 hobgoblins
  13 jackals
  13 kobolds
  4 quokkas
  6 frilled lizards
  2 quokka skeletons (D:4)
  9 rats
349 creatures vanquished.

Vanquished Creatures (others)
  1061 foxfires
  A fungus (Lair:2)
1062 creatures vanquished.

Grand Total: 1411 creatures vanquished

Notes
Turn   | Place    | Note
-------+----------+-------------------------------------------
     0 | D:1      | surprisetrex the Draconian Fire Elementalist began the
                  | quest for the Orb.
     0 | D:1      | Reached XP level 1. HP: 14/14 MP: 3/3
   523 | D:1      | Reached XP level 2. HP: 22/22 MP: 0/5
   533 | D:1      | Reached skill level 1 in Fighting
  1262 | D:2      | Noticed Jessica
  1263 | D:2      | Noticed Terence
  1511 | D:1      | Reached XP level 3. HP: 23/28 MP: 3/6
  1519 | D:1      | Learned a level 3 spell: Conjure Flame
  2291 | D:2      | Killed Jessica
  2291 | D:2      | Reached XP level 4. HP: 15/36 MP: 7/7
  2510 | D:2      | Killed Terence
  2603 | D:2      | Found a sparkling altar of Nemelex Xobeh.
  2620 | D:2      | Noticed Robin
  2640 | D:2      | Killed Robin
  3218 | D:3      | Reached XP level 5. HP: 42/42 MP: 8/8
  3320 | D:3      | Noticed an ogre
  3346 | D:3      | Killed an ogre
  3949 | D:3      | Reached skill level 5 in Conjurations
  3949 | D:3      | Reached XP level 6. HP: 40/51 MP: 9/9
  4045 | D:3      | Learned a level 4 spell: Sticky Flame
  4675 | D:4      | Found Woas's Magic Scroll Emporium.
  4693 | D:4      | Bought a scroll of blinking for 75 gold pieces
  4693 | D:4      | Bought a scroll of identify for 20 gold pieces
  4693 | D:4      | Bought a scroll of teleportation for 30 gold pieces
  4815 | D:4      | Reached skill level 4 in Fire Magic
  4983 | D:4      | Found an iron altar of Okawaru.
  5024 | D:4      | You fall into a shaft and drop 3 floors!
  5059 | D:6      | Your scales start taking on a glossy black colour.
  5059 | D:6      | Reached XP level 7. HP: 42/60 MP: 10/10
  5059 | D:6      | Gained mutation: You are resistant to electric shocks.
                  | (rElec) [Black Draconian growth]
  5241 | D:6      | Found a staircase to the Ecumenical Temple.
  5248 | Temple   | Entered the Ecumenical Temple
  5457 | Temple   | Became a worshipper of Vehumet
  5611 | D:6      | Reached skill level 5 in Fire Magic
  5615 | D:5      | Entered Level 5 of the Dungeon
  6000 | D:5      | Reached skill level 5 in Fighting
  6421 | D:4      | Reached skill level 6 in Fire Magic
  6759 | D:5      | Reached * piety under Vehumet
  6759 | D:5      | Offered knowledge of Freeze by Vehumet.
  6764 | D:5      | Reached XP level 8. HP: 55/68 MP: 11/11
  7438 | D:5      | Reached skill level 7 in Fire Magic
  8849 | D:7      | Reached skill level 8 in Fire Magic
  8908 | D:7      | Noticed Joseph
  8918 | D:7      | Killed Joseph
  8918 | D:7      | Reached XP level 9. HP: 36/74 MP: 12/12
  9380 | D:7      | Offered knowledge of Magic Dart by Vehumet.
  9697 | D:7      | Reached ** piety under Vehumet
  9851 | D:8      | Noticed Harold
  9902 | D:8      | Killed Harold
  9902 | D:8      | Reached skill level 9 in Fire Magic
 10022 | D:8      | Noticed Grum
 10042 | D:8      | Killed Grum
 10263 | D:8      | Reached skill level 10 in Fire Magic
 10269 | D:8      | Noticed Psyche
 10453 | D:8      | Killed Psyche
 10453 | D:8      | Reached XP level 10. HP: 42/81 MP: 13/13
 10495 | D:8      | You fall into a shaft and drop 3 floors!
 10630 | D:10     | Entered Level 10 of the Dungeon
 11456 | D:10     | Reached skill level 10 in Conjurations
 11599 | D:10     | Offered knowledge of Ignite Poison by Vehumet.
 11825 | D:10     | Noticed a centaur warrior
 11936 | D:8      | Reached *** piety under Vehumet
 12667 | D:9      | Reached skill level 11 in Fire Magic
 12731 | D:9      | Noticed a gargoyle
 12756 | D:9      | Killed a gargoyle
 12896 | D:9      | Learned a level 5 spell: Fireball
 12912 | D:9      | Noticed a two-headed ogre
 13239 | D:9      | Noticed a two-headed ogre
 13246 | D:9      | Killed a two-headed ogre
 13315 | D:9      | Killed a two-headed ogre
 13315 | D:9      | Reached skill level 5 in Spellcasting
 13346 | D:9      | Reached XP level 11. HP: 88/88 MP: 9/19
 13468 | D:9      | Noticed a two-headed ogre
 13488 | D:9      | Killed a two-headed ogre
 13488 | D:9      | Offered knowledge of Olgreb's Toxic Radiance by Vehumet.
 13659 | D:9      | Learned a level 4 spell: Olgreb's Toxic Radiance
 13738 | D:9      | Found a staircase to the Lair.
 13911 | D:9      | Reached skill level 1 in Poison Magic
 14150 | D:10     | Killed a centaur warrior
 14851 | D:10     | Found a large runed translucent door.
 14851 | D:10     | Found a large runed translucent door.
 14851 | D:10     | Noticed drasked's ghost (journeyman HOMo)
 14915 | D:10     | Found a staircase to the Orcish Mines.
 15016 | D:11     | Reached **** piety under Vehumet
 15043 | D:11     | Offered knowledge of Irradiate by Vehumet.
 15115 | D:11     | Noticed Snorg
 15134 | D:11     | Killed Snorg
 15357 | D:11     | Noticed Fannar
 15368 | D:11     | Killed Fannar
 15607 | D:11     | You fall into a shaft and drop 3 floors!
 15608 | D:14     | Noticed Azrael
 15619 | D:13     | Upgraded the game from 0.25-a0-571-gb5e01bddfa to
                  | 0.25-a0-577-ga4619f409e
 16199 | D:12     | Reached skill level 1 in Shields
 16523 | D:11     | Noticed a brown ugly thing
 16538 | D:11     | Killed a brown ugly thing
 17070 | D:12     | Found the +4 skin of Zhor {Englaciate rC+++ SInv}
 17080 | D:12     | Paralysed by a hornet for 1 turns
 17707 | D:12     | Noticed a red ugly thing
 17818 | D:12     | Killed a red ugly thing
 17818 | D:12     | Reached XP level 12. HP: 32/97 MP: 25/25
 18475 | D:13     | Noticed a centaur warrior
 18512 | D:13     | Killed a centaur warrior
 18834 | Lair:1   | Entered Level 1 of the Lair of Beasts
 19026 | Lair:1   | Learned a level 2 spell: Searing Ray
 19888 | Lair:2   | Noticed Prince Ribbit
 19952 | Lair:2   | Killed Prince Ribbit
 20148 | Lair:2   | Noticed Maggie
 20166 | Lair:2   | Killed Maggie
 20349 | Lair:2   | Noticed Sonja
 20359 | Lair:2   | Killed Sonja
 20621 | Lair:2   | You fall into a shaft and drop 1 floor!
 20952 | Lair:3   | Noticed a seven-headed hydra
 20960 | Lair:3   | Killed a seven-headed hydra
 20960 | Lair:3   | Reached skill level 10 in Fighting
 21147 | Lair:2   | Reached ***** piety under Vehumet
 21156 | Lair:2   | Offered knowledge of Airstrike by Vehumet.
 21166 | Lair:2   | Learned a level 4 spell: Airstrike
 21245 | Lair:2   | Reached skill level 1 in Air Magic
 21485 | Lair:2   | Noticed Gastronok
 21508 | Lair:2   | HP: 4/108 [basilisk (3)]
 21509 | Lair:2   | Slain by Gastronok

Levels and vault maps discovered:
D:1:      kennysheep_arrival_forest, layout_basic, minmay_pentomino_o4
D:2:      layout_basic, nemelex_xobeh_ov_fountains_minmay, uniq_robin,
          uniq_jessica, uniq_terence
D:3:      layout_loops_ring, feat_on_display
D:4:      layout_cave_pods, kennysheep_okawaru_gauntlet, serial_shops, shop
D:5:      layout_loops_ring, first_ration, minmay_bent
D:6:      layout_layer_cave, minmay_temple_entry_slanted
D:7:      layout_loops_ring, patterned_corridor, uniq_joseph
D:8:      layout_cave_pods, the_bakery, uniq_grum, uniq_psyche, uniq_harold
D:9:      layout_basic, grunt_lair_entry_orc_guard_hut
D:10:     layout_big_octagon, hiddenorc1_lemuel, ebering_ghost_disaster_area
D:11:     layout_irregular_city, roderic_filled_cross, uniq_snorg, uniq_fannar
D:12:     layout_irregular_city
D:13:     layout_basic, minmay_fractal_squares_diagonal_5
D:14:     layout_long_grid, ximxim_vaults_locker_room, billiards_dpeg,
          uniq_azrael, uniq_rupert
Temple:   minmay_crystal_snake_temple
Lair:1:   layout_layer_cave
Lair:2:   layout_hall_layers, grunt_megastairs_3, uniq_gastronok, uniq_sonja,
          uniq_maggie, uniq_prince_ribbit2
Lair:3:   layout_small_grid, elwin_shoals_entry_rooms, dummy_snake_entry

Skill      XL: |  1  2  3  4  5  6  7  8  9 10 11 12 |
---------------+-------------------------------------+-----
Fighting       | 1 2 3 4 5 6 10 | 10.8
Conjurations   | 2 3 4 5 7 9 10 | 10.6
Fire Magic     | 4 6 8 10 11 | 11.1
Spellcasting   | 5 9 |  9.5
Poison Magic   | 3 |  3.0
Shields        | 2 4 |  4.4
Air Magic      | 2 |  2.7
Dodging        | |  1.7
Stealth        | |  1.7

Action                   |  1- 3 |  4- 6 |  7- 9 | 10-12 || total
-------------------------+-------+-------+-------+-------++-------
Melee: Unarmed           |    72 |    49 |       |       ||   121
       Tailslap          |    13 |     6 |    32 |    33 ||    84
       Spear             |       |    72 |   249 |       ||   321
       Trident           |       |       |    69 |   115 ||   184
       Mace              |       |       |       |   231 ||   231
Throw: Stone             |    13 |       |       |       ||    13
       Boomerang         |       |    12 |       |       ||    12
       Dart              |       |    14 |     9 |    10 ||    33
 Cast: Foxfire           |    59 |   114 |   131 |   340 ||   644
       Conjure Flame     |     2 |     2 |     7 |     7 ||    18
       Sticky Flame      |       |       |    13 |    57 ||    70
       Fireball          |       |       |       |    22 ||    22
       Olgreb's Toxic Ra |       |       |       |     3 ||     3
       Airstrike         |       |       |       |     3 ||     3
 Abil: Breathe Lightning |       |       |     1 |       ||     1
Evoke: Wand              |       |       |     1 |    13 ||    14
  Use: Potion            |       |       |     3 |     6 ||     9
       Scroll            |       |       |       |    25 ||    25
 Stab: Sleeping          |     1 |     3 |     3 |       ||     7
       Distracted        |       |       |     1 |       ||     1
  Eat: Chunk             |     6 |    11 |    11 |    24 ||    52
       Ration            |       |       |     4 |     7 ||    11
Armor: Skin              |    45 |    58 |    91 |   179 ||   373
Dodge: Dodged            |    78 |   102 |   176 |   263 ||   619
Block: Buckler           |       |       |       |    50 ||    50

Table legend:
 A = Non-vault XP
 B = Vault XP
 C = Vault XP percentage of total XP
 D = Non-vault monster count
 E = Vault monster count
 F = Vault count percentage of total count
                 A         B        C        D         E       F
            +---------+---------+-------+---------+---------+-------
      Total |   22875 |   10107 |  30.6 |     278 |      71 |  20.3
            +---------+---------+-------+---------+---------+-------
        D:1 |      39 |       4 |   9.3 |      14 |       2 |  12.5
        D:2 |      45 |     107 |  70.4 |      22 |      13 |  37.1
        D:3 |     222 |       0 |   0.0 |      25 |       0 |   0.0
        D:4 |     503 |       3 |   0.6 |      32 |       2 |   5.9
        D:5 |     573 |     479 |  45.5 |      22 |       7 |  24.1
        D:6 |     508 |       0 |   0.0 |      11 |       0 |   0.0
        D:7 |     527 |     481 |  47.7 |      11 |       1 |   8.3
        D:8 |    1025 |    2056 |  66.7 |      15 |       6 |  28.6
        D:9 |    4756 |     735 |  13.4 |      20 |       6 |  23.1
       D:10 |    2522 |     210 |   7.7 |      27 |      16 |  37.2
       D:11 |    1556 |    2080 |  57.2 |      19 |       3 |  13.6
       D:12 |    2618 |       0 |   0.0 |      21 |       0 |   0.0
       D:13 |    3253 |     249 |   7.1 |      13 |       2 |  13.3
     Lair:1 |     979 |       0 |   0.0 |       8 |       0 |   0.0
     Lair:2 |    1882 |    3703 |  66.3 |      12 |      13 |  52.0
     Lair:3 |    1867 |       0 |   0.0 |       6 |       0 |   0.0
            +---------+---------+-------+---------+---------+-------
